 Dungeon Crawl Stone Soup version 0.30.0-3-ga4e48a9924 (webtiles) character file.

Game seed: 13233969960291924038

744 jimonade the Cutter (level 7, -5/43 HPs)
             Began as a Vampire Monk on May 8, 2023.
             Slain by a wight
             ... wielding a +2 scimitar
              (12 damage)
             ... on level 5 of the Dungeon.
             The game lasted 00:08:49 (4623 turns).

jimonade the Cutter (Vampire Monk)                  Turns: 4623, Time: 00:08:50

Health: -5/43      AC:  7    Str: 10    XL:     7   Next: 47%
Magic:  7/7        EV: 10    Int: 13    God:
Gold:   241        SH:  0    Dex: 18    Spells: 6/6 levels left

rFire   . . .        a - +7 whip of Koxziash {flame, rPois rN+}
rCold   + + .        d - orb {light}
rNeg    + + +        n - +0 scale mail
rPois   ∞            (no helmet)
rElec   .            (no cloak)
rCorr   .            C - +0 pair of gloves
SInv    +            (no boots)
Will    .....        K - amulet of the acrobat
Stlth   +            m - ring of poison resistance
HPRegen 0.00/turn    (no ring)
MPRegen 0.10/turn

%: acrobat
@: bloodless, inhibited regen, glowing
A: bloodless, fangs 3, see invisible, vampiric 2
a: Bat Form, Revivify


You were on level 5 of the Dungeon.
You visited 1 branch of the dungeon, and saw 5 of its levels.

You collected 241 gold pieces.

Inventory:

Hand Weapons
 a - the +7 whip of Koxziash (weapon) {flame, rPois rN+}
   (You found it on level 2 of the Dungeon)

   rPois:     It protects you from poison.
   rN:        It protects you from negative energy.
 b - a +2 sling of flaming
 r - a +0 short sword
 F - a +2 short sword of speed
 I - a +0 shortbow
 L - a +0 lajatang
Missiles
 o - 45 stones
 A - 14 poisoned darts (quivered)
 N - a throwing net
Armour
 d - an orb of light (worn)
 k - a +0 leather armour
 n - a +0 scale mail (worn)
 s - a +0 scale mail
 C - a +0 pair of gloves (worn)
Jewellery
 i - an amulet of guardian spirit
 m - a ring of poison resistance (left hand)
 K - an amulet of the acrobat (around neck)
Wands
 p - a wand of digging (6)
 M - a wand of roots (9)
Scrolls
 h - 6 scrolls of teleportation
 j - a scroll of poison
 t - a scroll of enchant armour
 v - a scroll of immolation
 x - a scroll of fear
 B - a scroll of amnesia {unknown}
 D - a scroll of vulnerability {unknown}
 J - 2 scrolls of identify
Potions
 c - 2 potions of ambrosia
 e - 2 potions of heal wounds {unknown}
 f - a potion of cancellation {unknown}
 g - a potion of flight {unknown}
 l - a potion of mutation {unknown}
 q - a potion of might {unknown}
 E - a potion of attraction {unknown}
 G - a potion of lignification {unknown}
 H - a potion of curing {unknown}


   Skills:
 + Level 4.1 Fighting
 + Level 4.7 Short Blades
 + Level 3.2 Maces & Flails
 + Level 2.2 Ranged Weapons
 + Level 2.5 Armour
 + Level 4.3 Dodging
 - Level 0.1 Stealth


You had 6 spell levels left.
You didn't know any spells.
Your spell library contained the following spells:

 Spells                   Type           Power      Damage    Failure   Level
 Freeze                   Ice            0%         1d3       90%         1
 Sandblast                Erth           0%         2d4       90%         1
 Passwall                 Tmut/Erth      0%         N/A       97%         2
 Frozen Ramparts          Ice            0%         1d1       99%         3
 Hailstorm                Conj/Ice       0%         3d3       99%         3
 Stone Arrow              Conj/Erth      0%         3d7       99%         3


Dungeon Overview and Level Annotations

Branches:
Dungeon (5/15)
 Temple: D:4-7

Altars:
Hepliaklqana
Okawaru
Sif Muna

Annotations:
D:3 1 runed translucent door, Crazy Yiuf


Innate Abilities, Weirdness & Mutations

You do not regenerate when monsters are visible.
You are frail without blood (-20% HP).
You can heal yourself when you bite living creatures.
You are immune to poison.
You have razor-sharp teeth.
You have supernaturally acute eyesight. (SInv)
You are afflicted with vampirism and can become a bat while bloodless.


Message History

You drop a +0 club.
You drop a +0 robe.
Unknown command.
Done exploring.
You open the door.
There is an open door here.
There is an open door here.
There is a stone staircase leading down here.
You climb downwards.
Found 2 amethyst potions.
There is a stone staircase leading up here.
A wight comes into view. It is wielding a +0 short sword.
A wight comes into view. It is wielding a +0 dagger.
You hit the wight but do no damage. The wight hits you with a +2 scimitar.
You hit the wight. You burn the wight.
The wight is severely damaged.
The wight hits you with a +2 scimitar!
You hit the wight but do no damage. You bite the wight.
The wight is almost destroyed.
You hit the wight. You burn the wight.
You destroy the wight!
The wight barely misses you.
You whack the wight! You burn the wight.
The wight is heavily damaged.
The wight barely misses you. x2
You hit the wight. You burn the wight. You bite the wight, but do no damage.
The wight is severely damaged.
The wight hits you with a +2 scimitar! The wight closely misses you.
You are too injured to fight recklessly!
You are too injured to fight recklessly!
You whack the wight! You burn the wight.
The wight is heavily damaged.
The wight barely misses you. The wight hits you with a +0 dagger.
* * * LOW HITPOINT WARNING * * *
You barely miss the wight.
The wight is severely damaged.
The wight hits you with a +0 dagger.
* * * LOW HITPOINT WARNING * * *
The wight hits you with a +2 scimitar!
You die...

######
#....#
#....#
#....#
#.!..#
#....#
#..zz# ####
#..)@#....#
#....#....##
#...........
#...<.......
##+###....##
......
...... .....
#####


You could see 2 wights.

Vanquished Creatures
  An ogre (D:3)
  A centaur (D:3)
  A scorpion (D:2)
  A wight (D:5)
  2 hounds (D:4)
  2 orc priests (D:3)
  A gnoll bouda (D:4)
  Jessica (D:2)
  An orc wizard (D:3)
  Terence (D:3)
  Robin (D:4)
  7 gnolls
  7 adders
  3 worms
  A dart slug (D:2)
  8 orcs
  5 ball pythons
  10 bats
  8 endoplasms
  A giant cockroach (D:4)
  13 goblins
  10 hobgoblins
  5 jackals
  11 kobolds
  4 quokkas
  3 frilled lizards
  8 rats
  A spectral hobgoblin (D:3)
118 creatures vanquished.

Notes
Turn   | Place    | Note
-------+----------+-------------------------------------------
     0 | D:1      | jimonade the Vampire Monk began the quest for the Orb.
     0 | D:1      | Reached XP level 1. HP: 17/17 MP: 1/1
   330 | D:1      | Reached XP level 2. HP: 17/18 MP: 2/2
  1165 | D:2      | Gained mutation: You are afflicted with vampirism and can
                  | become a bat while bloodless. [Vampire growth]
  1165 | D:2      | Reached XP level 3. HP: 20/23 MP: 3/3
  1694 | D:2      | Noticed a scorpion
  1708 | D:2      | Killed a scorpion
  1709 | D:2      | Reached skill level 1 in Armour
  1709 | D:2      | Reached XP level 4. HP: 23/28 MP: 2/4
  1851 | D:2      | Reached XP level 5. HP: 32/32 MP: 5/5
  1882 | D:2      | Identified the +7 whip of Koxziash {flame, rPois rN+}
  2130 | D:2      | Reached skill level 1 in Ranged Weapons
  2172 | D:2      | Noticed Jessica
  2177 | D:2      | Killed Jessica
  2400 | D:3      | Reached XP level 6. HP: 25/38 MP: 3/6
  2787 | D:3      | Found a hazy altar of Hepliaklqana.
  2959 | D:3      | Noticed Terence
  2966 | D:3      | Killed Terence
  2967 | D:3      | Reached skill level 1 in Maces & Flails
  3282 | D:3      | Found a shimmering blue altar of Sif Muna.
  3371 | D:3      | Reached XP level 7. HP: 35/43 MP: 4/7
  3456 | D:3      | Found a runed translucent door.
  3457 | D:3      | Noticed Crazy Yiuf
  3665 | D:4      | Found an iron altar of Okawaru.
  3751 | D:4      | Noticed Robin
  3783 | D:4      | Killed Robin
  4612 | D:5      | Entered Level 5 of the Dungeon
  4623 | D:5      | Slain by a wight

Illustrated notes

Levels and vault maps discovered:
D:1:      mrwooster_arrival_statue, layout_loops_corners
D:2:      minmay_razor_zed, layout_loops_ring, minmay_misc_feat_rows,
          uniq_jessica
D:3:      layout_loops_ring, tgw_sif, nicolae_hepliaklqana_monster_ancestors,
          amcnicky_mini_corridor_feature,
          nicolae_concentric_dashed_squares_mild, minmay_tree_intersection,
          minmay_pentomino_pile, uniq_terence, uniq_crazy_yiuf_cottage
D:4:      layout_loops_corners, okawaru_trees_2, uniq_robin
D:5:      layout_basic, yredelemnul_altar_generic, tgw_xom,
          nicolae_qazlal_style_of_elements, ebering_ghost_sewer_d

Skill      XL: |  1  2  3  4  5  6  7 |
---------------+----------------------+-----
Fighting       | 3 4 |  4.1
Short Blades   | 4 |  4.7
Armour         | 1 2 |  2.5
Ranged Weapons | 2 |  2.2
Dodging        | 4 |  4.3
Maces & Flails | 2 3 |  3.2
Stealth        | |  0.1

Action                     |  1- 3 |  4- 6 |  7- 9 || total
---------------------------+-------+-------+-------++-------
  Melee: Short sword       |    96 |       |       ||    96
         Bite              |     9 |     7 |     6 ||    22
         Whip              |       |    72 |    55 ||   127
   Fire: Sling             |    18 |    45 |       ||    63
  Throw: Dart              |       |     1 |       ||     1
Ability: Exsanguinate      |     1 |       |       ||     1
    Use: Scroll            |       |       |     5 ||     5
   Stab: Sleeping          |     3 |       |       ||     3
 Armour: Robe              |     5 |       |       ||     5
         Scale mail        |    24 |    30 |    28 ||    82
  Dodge: Dodged            |    49 |    46 |    37 ||   132
